 Dungeon Sprint DCSS version 0.32-a0-814-g0968bab981 (webtiles) character file.

Game seed: 5695900896250231426

190 Pestilence the Covert (level 5, -2/35 HPs)
             Began as a Vampire Ice Elementalist on Mar 22, 2024.
             Was an Initiate of Sif Muna.
             Killed from afar by a steam dragon (24 damage)
             ... with a ball of steam
             ... in the Dungeon (Sprint IX: "|||||||||||||||||||||||||||||").
             The game lasted 00:01:05 (223 turns).

Pestilence the Covert (Vampire Ice Elementalist)     Turns: 223, Time: 00:01:05

Health: -2/35      AC:  4    Str:  9    XL:     5   Next: 41%
Magic:  9/12       EV: 17    Int: 17    God:    Sif Muna [......]
Gold:   0          SH:  0    Dex: 18    Spells: 4/14 levels left

rFire   . . .        j - +2 scimitar of Kivvom {drain, rElec rN+}
rCold   . . .        (no shield)
rNeg    + . .        a - +0 robe
rPois   .            l - +0 helmet
rElec   +            k - +0 cloak
rCorr   .            (no gloves)
SInv    +            (no boots)
Will    .....        (no amulet)
Stlth   ++++         m - +3 ring of dexterity
HPRegen 0.45/turn    n - +2 ring of evasion
MPRegen 0.13/turn

%: no teleportation
@: freezing walls, healing quickly
A: alive, fangs 3, see invisible, vampiric 2
a: Exsanguinate, Renounce Religion


You were in the Dungeon.
You worshipped Sif Muna.
Sif Muna was noncommittal.
You visited 1 branch

Inventory:

Hand Weapons
 j - the +2 scimitar of Kivvom (weapon) {drain, rElec rN+}
   (You found it in the Dungeon)

   rElec:     It insulates you from electricity.
   rN+:       It protects you from negative energy.
Armour
 a - a +0 robe (worn)
 k - a +0 cloak (worn)
 l - a +0 helmet (worn)
Jewellery
 m - a +3 ring of dexterity (left hand)
 n - a +2 ring of evasion (right hand)
Wands
 i - a wand of warping (10)
Scrolls
 g - 2 scrolls of blinking
 h - 2 scrolls of amnesia
Potions
 b - 5 potions of magic
 c - 5 potions of curing
 d - 3 potions of heal wounds
 e - a potion of haste
 f - a potion of invisibility


   Skills:
 + Level 6.4 Dodging
 + Level 9.2 Stealth
 + Level 5.4 Spellcasting
 + Level 6.9 Ice Magic


You had 4 spell levels left.
You knew the following spells:

 Your Spells              Type           Power      Damage    Failure   Level
a - Freeze                Ice            100%       1d10      1%          1
b - Frozen Ramparts       Ice            56%        1d9       2%          3
c - Ozocubu's Armour      Ice            28%        N/A       2%          3
d - Summon Ice Beast      Ice/Summ       16%        N/A       10%         3

Your spell library contained the following spells:

 Spells                   Type           Power      Damage    Failure   Level


Dungeon Overview and Level Annotations

Branches:
Dungeon (1/1)

Altars:
Cheibriados
Dithmenos
Fedhas
Gozag
Hepliaklqana
Kikubaaqudgha
Makhleb
Nemelex Xobeh
Okawaru
Qazlal
Ru
Sif Muna
Trog
Uskayaw
Vehumet
Wu Jian
Xom
Yredelemnul
Beogh
Jiyva
Lugonu


Innate Abilities, Weirdness & Mutations

Your natural rate of healing is accelerated.
You have razor-sharp teeth.
You have supernaturally acute eyesight. (SInv)
You are afflicted with vampirism and can become a bat while bloodless.


Message History

You see here a +0 helmet.
l - a +0 helmet You see here a +1 scale mail.
m - a +3 ring of dexterity
n - a +2 ring of evasion You start putting on your armour.
You continue putting on your +0 cloak. x4
You finish putting on your +0 cloak.
You start putting on your armour.
You continue putting on your +0 helmet. x4
You finish putting on your +0 helmet.
You feel agile.
m - a +3 ring of dexterity (left hand)
n - a +2 ring of evasion (right hand) This spell is dangerous to cast!
You start memorising the spell.
You continue memorising. x3
You finish memorising.
Spell assigned to 'b'.
This spell is dangerous to cast!
You start memorising the spell.
You continue memorising. x3
You finish memorising.
Spell assigned to 'c'.
This spell is quite dangerous to cast!
You start memorising the spell.
You continue memorising. x3
You finish memorising.
Spell assigned to 'd'.
You open the door.
A gargoyle, a yak, a centaur, a two-headed ogre and 2 steam dragons come into view.
The steam dragon hisses angrily.
The two-headed ogre shouts in stereo!
The steam dragon hisses angrily.
The steam dragon breathes steam at you. The ball of steam misses you.
The centaur shouts!
The yak bellows!
Casting: Freeze (safe; 1% risk of failure)
Confirm with . or Enter, or press ? or * to list all spells.
Casting: Frozen Ramparts (dangerous; 2% risk of failure)
Press: ? - help, Dir - look around, f - activate
There is a cloud of steam here.
The walls around you are covered in ice.
You are engulfed in a cloud of scalding steam.
The wall freezes the steam dragon but does no damage.
The steam dragon breathes steam at you. The ball of steam hits you!!
Ouch! That really hurt!
You die... ▓▓▓▓▓▓▓▓▓▓▓▓▓▓▓▓▓▓▓▓▓▓▓▓ 9YcDOD§@§§...)..'_______ ▓▓▓▓▓▓▓▓▓▓▓▓▓▓▓▓▓▓▓▓▓▓▓▓

You could see a two-headed ogre, a yak, 2 steam dragons, a gargoyle and a centaur.

Vanquished Creatures
  An ice beast (D)
  A howler monkey (D)
  A hound (D)
  An iguana (D)
  A shadow imp (D)
  A dart slug (D)
  2 bats (D)
  A giant cockroach (D)
  A hobgoblin (D)
10 creatures vanquished.

Notes
Turn   | Place    | Note
-------+----------+-------------------------------------------
     0 | D        | Pestilence the Vampire Ice Elementalist began the quest for
                  | the Orb.
     0 | D        | Reached XP level 1. HP: 13/13 MP: 3/3
    21 | D        | Reached skill level 4 in Stealth
    29 | D        | Reached XP level 2. HP: 17/19 MP: 0/5
    87 | D        | Noticed a howler monkey
    87 | D        | Noticed an ice beast
    96 | D        | Killed an ice beast
    97 | D        | Reached skill level 5 in Dodging
    97 | D        | Reached skill level 7 in Stealth
    97 | D        | Reached skill level 5 in Ice Magic
    97 | D        | Gained mutation: You are afflicted with vampirism and can
                  | become a bat while bloodless. [Vampire growth]
    97 | D        | Reached XP level 3. HP: 24/24 MP: 5/8
    97 | D        | Reached XP level 4. HP: 30/30 MP: 6/10
   103 | D        | Reached skill level 8 in Stealth
   110 | D        | Reached skill level 5 in Spellcasting
   110 | D        | Reached XP level 5. HP: 30/35 MP: 7/12
   116 | D        | Reached skill level 9 in Stealth
   149 | D        | Found a roughly hewn altar of Beogh.
   149 | D        | Found a snail-covered altar of Cheibriados.
   149 | D        | Found a shadowy altar of Dithmenos.
   149 | D        | Found a blossoming altar of Fedhas.
   149 | D        | Found an opulent altar of Gozag.
   150 | D        | Found a hazy altar of Hepliaklqana.
   151 | D        | Found a viscous altar of Jiyva.
   152 | D        | Found an ancient bone altar of Kikubaaqudgha.
   153 | D        | Found a corrupted altar of Lugonu.
   154 | D        | Found a burning altar of Makhleb.
   155 | D        | Found a sparkling altar of Nemelex Xobeh.
   156 | D        | Found an iron altar of Okawaru.
   157 | D        | Found a stormy altar of Qazlal.
   158 | D        | Found a sacrificial altar of Ru.
   159 | D        | Found a shimmering blue altar of Sif Muna.
   160 | D        | Found a bloodstained altar of Trog.
   161 | D        | Found a hide-covered altar of Uskayaw.
   162 | D        | Found a radiant altar of Vehumet.
   163 | D        | Found an ornate altar of the Wu Jian Council.
   164 | D        | Found a shimmering altar of Xom.
   165 | D        | Found a basalt altar of Yredelemnul.
   167 | D        | Became a worshipper of Sif Muna the Loreminder
   184 | D        | Got the +2 scimitar of Kivvom {drain, rElec rN+}
   213 | D        | Learned a level 3 spell: Frozen Ramparts
   217 | D        | Learned a level 3 spell: Ozocubu's Armour
   221 | D        | Learned a level 3 spell: Summon Ice Beast
   222 | D        | Noticed a gargoyle
   222 | D        | Noticed a yak
   222 | D        | Noticed a centaur
   222 | D        | Noticed a steam dragon
   222 | D        | Noticed a two-headed ogre
   222 | D        | Noticed a steam dragon
   223 | D        | Killed from afar by a steam dragon

Illustrated notes

Levels and vault maps discovered:
D:        linesprint [early_d, line_temple, items_1, d_10, items_2, lair_1,
          lair_end, items_3, orc_1, orc_end, items_4, d_15, swamp_1, shoals_1,
          snake_1, spider_1, d_20, vaults_1, items_5, swamp_end, shoals_end,
          snake_end, spider_end, vaults_end, d_27, items_6, zot_1, zot_end,
          crypt_end, forest_end, elf_end, slime_end, tomb_end, abyss_end,
          pan_hell_end]

Skill      XL: |  1  2  3  4  5 |
---------------+----------------+-----
Stealth        | 4 7 8 9 |  9.2
Dodging        | 3 5 6 |  6.4
Spellcasting   | 4 5 |  5.4
Ice Magic      | 5 6 |  6.9

Action                     |  1- 3 |  4- 6 || total
---------------------------+-------+-------++-------
  Melee: Unarmed           |    27 |    18 ||    45
         Bite              |     5 |     3 ||     8
   Cast: Freeze            |     3 |       ||     3
         Frozen Ramparts   |       |     1 ||     1
    Use: Potion            |     1 |       ||     1
   Stab: Sleeping          |     1 |       ||     1
 Armour: Robe              |    11 |     5 ||    16
  Dodge: Dodged            |    16 |    10 ||    26

Table legend: (Time is in decaauts)
 A = Elapsed time spent in this place.
 B = Non-inter-level travel time spent in this place.
 C = Inter-level travel time spent in this place.
 D = Time resting spent in this place.
 E = Time spent auto-exploring this place.
 F = Levels seen in this place.
 G = Mean time per level.
                   A        B        C        D        E       F      G
               +--------+--------+--------+--------+--------+-----+--------+
         Total |    223 |    223 |      0 |     91 |      0 |   1 |  223.0 |
       Dungeon |    223 |    223 |      0 |     91 |      0 |   1 |  223.0 |
               +--------+--------+--------+--------+--------+-----+--------+

Top non-repeatable levels by time:
       D: 223 daAuts
